 Dungeon Crawl Stone Soup version 0.13-a0-2557-g7ea0453 (webtiles) character file.

117 Psiweapon the Chucker (level 4, -4/44 HPs)
             Began as an Ogre Hunter on July 29, 2013.
             Killed from afar by a gnoll (9 damage)
             ... with a wand of magic darts
             ... on Level 2 of the Dungeon.
             The game lasted 00:10:15 (2014 turns).

Psiweapon the Chucker (Ogre Hunter)                 Turns: 2014, Time: 00:10:15

HP  -4/44        AC  3     Str 18      XL: 4   Next:  9%
MP   3/3         EV 10     Int 10      God:
Gold 54          SH  0     Dex 10      Spells:  0 memorised,  3 levels left

Res.Fire  : . . .   See Invis. : .   x - +1,+0 sling
Res.Cold  : . . .   Warding    : .   s - +0 robe (curse)
Life Prot.: . . .   Conserve   : .   (shield restricted)
Res.Poison: .       Res.Corr.  : .   (helmet restricted)
Res.Elec. : .       Clarity    : .   (no cloak)
Sust.Abil.: . .     Spirit.Shd : .   (gloves unavailable)
Res.Mut.  : .       Stasis     : .   (boots unavailable)
Res.Rott. : .       Flight     : .   (no amulet)
Saprovore : + . .                    (no ring)
                                     (no ring)

@: slightly resistant to hostile enchantments, unstealthy
A: unfitting armour, fast metabolism 1, saprovore 1, tough skin 1
a: no special abilities


You were on level 2 of the Dungeon.
You were not hungry.

You visited 1 branch of the dungeon, and saw 2 of its levels.

You collected 34 gold pieces.

Inventory:

Hand weapons
 a - a +1,+1 club {=f}
 e - a +2,+0 elven dagger
 m - a +0,+0 whip
 u - a +3,+1 elven dagger
 x - a +1,+0 sling (weapon)
 y - a +0,+0 dagger
 C - a +2,+1 dagger
Missiles
 b - a large rock (quivered)
 c - 2 throwing nets
 l - 10 sling bullets
 z - 22 stones
Armour
 d - a +0 animal skin
 s - a cursed +0 robe (worn)
Comestibles
 f - 3 meat rations
 g - a pear
 j - 2 bread rations
 p - a rotting chunk of giant gecko flesh
 B - a rotting chunk of rat flesh
 E - a chunk of giant cockroach flesh
 F - a chunk of quokka flesh
 G - a chunk of rat flesh
Scrolls
 i - 4 scrolls of identify {unknown}
 k - a scroll of random uselessness {unknown}
 n - a scroll of amnesia {unknown}
 o - a scroll of curse armour {unknown}
 q - a scroll of remove curse {unknown}
 r - a scroll of curse weapon {unknown}
 v - a scroll of recharging {unknown}
 D - a scroll of teleportation {unknown}
Potions
 h - a potion of curing {unknown}
 t - a potion of magic {unknown}
 w - a potion of resistance {unknown}
 A - a potion of restore abilities {unknown}


   Skills:
 + Level 3.5 Fighting
 + Level 2.5 Maces & Flails
 + Level 5.1 Throwing
 - Level 2.0 Dodging
 - Level 1.0 Stealth


You had 3 spell levels left.
You didn't know any spells.

Dungeon Overview and Level Annotations

Branches:
Dungeon (2/27)

Altars:


Innate Abilities, Weirdness & Mutations

You are too large for most types of armour.
You have a fast metabolism.
You can tolerate rotten meat.
You have tough skin (AC +1).


Message History

Press: ? - help, Shift-Dir - straight line, f/p - gnoll
Aim: a gnoll, wielding a spear (heavily wounded)
You throw a large rock. The large rock hits the gnoll.
The gnoll is heavily wounded.
The gnoll picks up a wand of magic darts {zapped: 4}.
Throwing (i - inventory. (,) - cycle):
b - 3 large rocks (quivered)
Press: ? - help, Shift-Dir - straight line, f/p - gnoll
Aim: a gnoll, wielding a spear (heavily wounded)
You throw a large rock. The large rock hits the gnoll.
You kill the gnoll!
You have reached level 4!
The gnoll zaps a wand.
The magic dart hits you!
* * * LOW HITPOINT WARNING * * *
Throwing (i - inventory. (,) - cycle):
b - 2 large rocks (quivered)
Press: ? - help, Shift-Dir - straight line, f - gnoll
Aim: a gnoll, wielding a flail, wearing a plate armour and carrying a wand of magic darts {zapped: 5} You throw a large rock.
The large rock hits the gnoll.
The gnoll is almost dead.
The gnoll zaps a wand.
The magic dart hits you!
You die...

..# #(# #(#
.g# #(# ####
#(# ...# #(#
...# #.#
)%.# # #@#
#### #. #.#
## #.##.##
..
....#.....#
....
..........##
.##..
###.#......#
...
......##...#
...
...........#
###
.........###


You could see a gnoll.

Vanquished Creatures
  3 gnolls (D:2)
  2 ball pythons (D:1)
  2 giant cockroaches
  6 hobgoblins
  2 kobolds (D:1)
  2 quokkas
  6 bats
  2 giant geckos (D:2)
  A giant newt (D:2)
  3 goblins
  6 rats
35 creatures vanquished.

Vanquished Creatures (others)
  A bat (D:1)
1 creature vanquished.

Grand Total: 36 creatures vanquished

Notes
Turn   | Place    | Note
--------------------------------------------------------------
     0 | D:1      | Psiweapon, the Ogre Hunter, began the quest for the Orb.
     0 | D:1      | Reached XP level 1. HP: 20/20 MP: 0/0
   546 | D:1      | Reached XP level 2. HP: 23/28 MP: 1/1
   874 | D:1      | Reached skill level 1 in Stealth
  1666 | D:2      | Reached XP level 3. HP: 36/36 MP: 2/2
  2000 | D:2      | Reached skill level 5 in Throwing
  2013 | D:2      | Reached XP level 4. HP: 13/44 MP: 3/3
  2014 | D:2      | Killed from afar by a gnoll

Action                   |  1- 3 |  4- 6 || total
-------------------------+-------+-------++-------
Melee: Club              |   113 |       ||   113
 Fire: Sling             |    30 |       ||    30
Throw: Dagger            |     5 |       ||     5
       Large rock        |     6 |     1 ||     7
